 Dungeon Crawl Stone Soup version 0.31-a0-810-ga77100ea1a (webtiles) character file.

Game seed: 2564593030509732637

227 dynsetu the Changeling (level 6, -6/43 HPs)
             Began as a Merfolk Shapeshifter on Sept 22, 2023.
             Was a Priest of Fedhas.
             Killed by divine providence
             ... invoked by an orc priest
              (13 damage)
             ... on level 4 of the Dungeon.
             The game lasted 00:08:13 (2814 turns).

dynsetu the Changeling (Merfolk Shapeshifter)       Turns: 2814, Time: 00:08:14

Health: -6/43      AC:  6    Str: 16    XL:     6   Next: 2%
Magic:  5/6        EV: 13    Int:  9    God:    Fedhas [***...]
Gold:   152        SH:  5    Dex: 14    Spells: 5/5 levels left

rFire   + .          .
                       - Unarmed
rCold   . . .        (shield currently unavailable)
rNeg    . . .        a - +0 animal skin
rPois   .            y - +0 helmet
rElec   .            j - +0 cloak
rCorr   .            t - +0 pair of gloves
SInv    .            h - +0 pair of boots
Will    .....        s - amulet of reflection
Stlth   +            e - ring of protection from fire
HPRegen 0.27/turn    (no ring)
MPRegen 0.10/turn

%: reflection
@: lethally poisoned (-6 -> -13), flux-form, glowing
A: glow, contaminating, (nimble swimmer 2), mertail
a: Begin Untransformation, Renounce Religion, Wall of Briars, Grow
Ballistomycete


You were on level 4 of the Dungeon.
You worshipped Fedhas.
Fedhas was most pleased with you.
You were something dangerously unstable.
You visited 1 branch of the dungeon, and saw 5 of its levels.

You collected 152 gold pieces.

Inventory:

Missiles
 p - 2 curare-tipped darts
 r - 33 stones
 A - 2 boomerangs
Armour
 a - a +0 animal skin (worn)
 h - a +0 pair of boots (worn)
 j - a +0 cloak (worn)
 t - a +0 pair of gloves (worn)
 y - a +0 helmet (worn)
Jewellery
 e - a ring of protection from fire (left hand)
 s - an amulet of reflection (around neck)
 u - a ring of fire
Talismans
 c - a beast talisman
 d - a flux talisman (active)
 i - a maw talisman
Wands
 z - a wand of roots (7)
Scrolls
 k - 3 scrolls of identify {unknown}
 l - a scroll of brand weapon {unknown}
 q - 3 scrolls of noise {unknown}
 w - a scroll of teleportation {unknown}
 x - a scroll of fog {unknown}
 B - a scroll of acquirement {unknown}
 C - 3 scrolls of enchant weapon {unknown}
Potions
 b - 2 potions of lignification
 f - 2 potions of mutation {unknown}
 g - a potion of might {unknown}
 m - a potion of haste {unknown}
 n - a potion of heal wounds
 o - a potion of berserk rage {unknown}
 v - a potion of degeneration {unknown}


   Skills:
 + Level 1.2 Fighting
 + Level 2.9 Dodging
 + Level 0.1 Stealth
 + Level 3.8 Unarmed Combat
 * Level 7.6 Shapeshifting


You had 5 spell levels left.
You didn't know any spells.
Your spell library contained the following spells:

 Spells                   Type           Power      Damage    Failure   Level
 Magic Dart               Conj           0%         1d3       38%         1
 Call Imp                 Summ           0%         N/A       52%         2
 Searing Ray              Conj           0%         2d4       52%         2
 Mephitic Cloud           Conj/Pois/Air  0%         N/A       77%         3
 Fulminant Prism          Conj/Hex       0%         3d5       99%         4


Dungeon Overview and Level Annotations

Branches:
Dungeon (5/15)
 Temple: D:4-7

Altars:
Fedhas
Gozag
Sif Muna


Innate Abilities, Weirdness & Mutations

You are something dangerously unstable.
You glow with magical radiation, making you easy to see and hit.
Foes you strike become dangerously contaminated with magical radiation.
You are incapable of wielding weapons or throwing items.
((You are very nimble when in or above water. (Stealth+, EV+, Speed+++)))
Your lower body shifts to a powerful aquatic tail in water.


Message History

A scorpion is nearby!
The orc priest casts a cantrip, but nothing happens.
The scorpion barely misses you.
You hit the scorpion but do no damage.
The scorpion begins to glow.
You block the scorpion's attack. The scorpion barely misses you.
You hit the scorpion but do no damage.
The scorpion glows dangerously bright.
The scorpion barely misses you. The orc hits you but does no damage.
You block the scorpion's attack.
You barely miss the scorpion. The orc barely misses you.
The scorpion stings you but does no damage.
You hit the scorpion.
The scorpion shudders as magic cascades through it!
The scorpion twists and deforms.
The scorpion is heavily wounded.
The orc priest invokes the aid of Beogh against you.
Beogh smites you! The orc hits you but does no damage.
You block the scorpion's attack.
You hit the scorpion.
The scorpion begins to glow.
The scorpion is severely wounded.
The scorpion closely misses you.
The orc priest calls down the wrath of Beogh upon you.
Beogh smites you! The orc hits you but does no damage.
You hit the scorpion.
The scorpion glows dangerously bright.
The scorpion is severely wounded.
The scorpion closely misses you.
The orc priest calls down the wrath of Beogh upon you.
Beogh smites you!
* * * LOW HITPOINT WARNING * * *
The orc misses you.
You barely miss the scorpion.
The scorpion is severely wounded.
The scorpion stings you.
* * * LOW HITPOINT WARNING * * *
You are lethally poisoned!
The scorpion poisons you! The orc barely misses you.
The orc priest mumbles some strange prayers to Beogh against you.
Beogh smites you!
You die...
Fedhas appreciates your contribution to the ecosystem.

............oos§.#..#..#
...........###P#.......#
...........# #.#.#.....#
...........# #.#.#.....#
...........# #.#.#.....#
......)..### #.#.#.....#
.).......# #.#o#.....#
###.###..#####.#o##.#..########
...........##.#p##.#.........#
###########.#..s....##.######.#
#....#.......# #.#
#....######### #.# #.#..# #.#
#..P.#..# #.# ........#..# #.#
...........##############.#
..#+##....[#...........##.#


You could see a scorpion (heavy contam, misshapen), an orc priest and an orc.

Vanquished Creatures
  An orc priest (D:3)
  Jessica (D:1)
  An iguana (D:4)
  6 adders
  5 worms
  2 dart slugs
  4 orcs
  2 endoplasms
  A giant cockroach (D:2)
  8 goblins
  8 hobgoblins
  8 kobolds
  5 quokkas
  6 ball pythons
  6 bats
  3 frilled lizards
  8 rats
75 creatures vanquished.

Notes
Turn   | Place    | Note
-------+----------+-------------------------------------------
     0 | D:1      | dynsetu the Merfolk Shapeshifter began the quest for the
                  | Orb.
     0 | D:1      | Reached XP level 1. HP: 15/15 MP: 1/1
    41 | D:1      | Reached XP level 2. HP: 18/21 MP: 2/2
   164 | D:1      | Found a faded altar of an unknown god.
   228 | D:1      | Reached skill level 5 in Shapeshifting
   248 | D:1      | Prayed at the altar of an unknown god.
   248 | D:1      | Became a worshipper of Fedhas Madash
   248 | D:1      | Reached * piety under Fedhas
   320 | D:1      | Reached XP level 3. HP: 17/26 MP: 3/3
   681 | D:2      | Noticed Jessica
   697 | D:1      | Killed Jessica
   698 | D:1      | Reached XP level 4. HP: 19/32 MP: 4/4
   753 | D:2      | Reached skill level 6 in Shapeshifting
   807 | D:2      | Reached ** piety under Fedhas
  1546 | D:2      | Reached XP level 5. HP: 35/37 MP: 5/5
  1644 | D:3      | Reached skill level 7 in Shapeshifting
  1690 | D:3      | Found an opulent altar of Gozag.
  1699 | D:3      | Found a shimmering blue altar of Sif Muna.
  2295 | D:3      | Reached *** piety under Fedhas
  2694 | D:4      | Reached XP level 6. HP: 43/43 MP: 6/6
  2717 | D:4      | HP: 1/43 [poisoned by a scorpion]
  2718 | D:5      | Entered Level 5 of the Dungeon
  2814 | D:4      | Killed from afar by an orc priest

Illustrated notes

Levels and vault maps discovered:
D:1:      eino_arrival_tree_alley, layout_rooms,
          hellmonk_ecumenical_altar_pennies_from_heaven
D:2:      layout_basic, minmay_randomly_rotated_circles, uniq_jessica
D:3:      minmay_spotlight, layout_rooms, minitemple, serial_curves,
          eino_curves_01, eino_curves_03, kennysheep_generic_room_7
D:4:      corexii_shack_village, layout_basic, uniq_eustachio
D:5:      layout_loops_cross

Skill      XL: |  1  2  3  4  5 |
---------------+----------------+-----
Shapeshifting  | 5 6 7 |  7.6
Fighting       | |  1.2
Dodging        | |  2.9
Stealth        | |  0.1
Unarmed Combat | |  3.8

Action                     |  1- 3 |  4- 6 || total
---------------------------+-------+-------++-------
  Melee: Unarmed           |    84 |   187 ||   271
 Invoke: Wall of Briars    |       |     1 ||     1
    Use: Potion            |       |     1 ||     1
 Armour: Animal skin       |    59 |    90 ||   149
  Dodge: Dodged            |    70 |   120 ||   190
  Block: Other             |       |    26 ||    26
   Form: Flux              |     1 |       ||     1

Table legend: (Time is in decaauts)
 A = Elapsed time spent in this place.
 B = Non-inter-level travel time spent in this place.
 C = Inter-level travel time spent in this place.
 D = Time resting spent in this place.
 E = Time spent auto-exploring this place.
 F = Levels seen in this place.
 G = Mean time per level.
                   A        B        C        D        E       F      G
               +--------+--------+--------+--------+--------+-----+--------+
         Total |   2799 |   2738 |     61 |     69 |   2002 |   5 |  559.8 |
       Dungeon |   2799 |   2738 |     61 |     69 |   2002 |   5 |  559.8 |
               +--------+--------+--------+--------+--------+-----+--------+

Top non-repeatable levels by time:
     D:2: 960 daAuts
     D:3: 837 daAuts
     D:1: 729 daAuts
     D:4: 201 daAuts
     D:5: 69 daAuts
